 Dungeon Crawl Stone Soup version 0.23.1 (webtiles) character file.

Game seed: 17873064408233009653

57156 Kisielow the Basher (level 14, -25/91 HPs)
             Began as a Gargoyle Fighter on Mar 4, 2019.
             Was the Champion of Okawaru.
             Annihilated by an enormous slime creature (51 damage)
             ... on level 12 of the Dungeon.
             The game lasted 00:48:35 (18623 turns).

Kisielow the Basher (Gargoyle Fighter)             Turns: 18623, Time: 00:48:36

Health: -25/91     AC: 33    Str: 25    XL:     14   Next: 84%
Magic:  19/19      EV:  7    Int: 13    God:    Okawaru [******]
Gold:   1252       SH: 13    Dex:  7    Spells: 13/13 levels left

rFire    + + .     SeeInvis +   j - +8 mace "Roicy" {elec, rN+ Int+4 Dex-2}
rCold    + . .     Gourm    .   c - +1 shield
rNeg     + + .     Faith    .   n - +0 plate armour
rPois    ∞         Spirit   .   (no helmet)
rElec    +         Reflect  .   C - scarf {rC+ rF+}
rCorr    .         Harm     .   o - +0 pair of gloves
MR       +....                  v - +2 pair of boots "Asitsehi" {*Corrode rF+ SInv}
Stlth    ..........             k - amulet of regeneration
HPRegen  0.65/turn              I - ring of see invisible
MPRegen  0.16/turn              J - +3 ring of protection

@: flying, hasted, very quick
A: big wings, negative energy resistance 1, electricity resistance, unbreathing,
petrification resistance, rot immunity, AC +10
a: Stop Flying, Heroism, Finesse, Renounce Religion


You were on level 12 of the Dungeon.
You worshipped Okawaru.
Okawaru was exalted by your worship.
You were not hungry.

You visited 3 branches of the dungeon, and saw 19 of its levels.

You collected 1252 gold pieces.

Inventory:

Hand Weapons
 j - the +8 mace "Roicy" (weapon) {elec, rN+ Int+4 Dex-2}
   (You found it on level 5 of the Dungeon)

   Occasionally, upon striking a foe, it will discharge some electrical energy
   and cause terrible harm.
   It affects your intelligence (+4).
   It affects your dexterity (-2).
   It protects you from negative energy.
 w - a +2 morningstar of protection
Armour
 c - a +1 shield (worn)
 n - a +0 plate armour (worn)
 o - a +0 pair of gloves (worn)
 v - the +2 pair of boots "Asitsehi" (worn) {*Corrode rF+ SInv}
   (You acquired it on level 10 of the Dungeon)

   It protects you from fire.
   It lets you see invisible.
   It may corrode you when you take damage.
 B - a scarf of spirit shield
 C - a scarf of resistance (worn)
 G - a +1 cloak of magic resistance
Jewellery
 i - an uncursed ring of fire
 k - an amulet of regeneration (around neck)
 s - an uncursed ring of teleportation
 F - an uncursed ring of ice
 I - a ring of see invisible (left hand)
 J - a +3 ring of protection (right hand)
Wands
 l - a wand of random effects (8)
 D - a wand of polymorph (23)
 E - a wand of disintegration (16)
 K - a wand of acid (4)
 M - a wand of flame (21)
 R - a wand of paralysis (9)
Scrolls
 h - 11 scrolls of remove curse
 m - 3 scrolls of fog
 q - 7 scrolls of enchant weapon
 r - a scroll of magic mapping
 t - 3 scrolls of identify
 y - a scroll of silence
 A - 11 scrolls of teleportation
 N - 4 scrolls of enchant armour
Potions
 b - 3 potions of resistance
 d - 3 potions of might
 e - a potion of haste
 g - 9 potions of curing
 p - a potion of invisibility
 u - 4 potions of brilliance
 z - a potion of magic
 H - a potion of heal wounds
 L - a potion of mutation
Comestibles
 a - 10 chunks of flesh
 f - 36 rations


   Skills:
 + Level 11.9 Fighting
 * Level 14.8 Maces & Flails
 + Level 11.9 Armour
 + Level 11.9 Shields
 - Level 7.0 Invocations
 - Level 7.0 Evocations


You had 13 spell levels left.
You didn't know any spells.
Your spell library contained the following spells:

 Spells                   Type           Power        Failure   Level  Hunger
 Confusing Touch          Hex            #.....       99%         1    ##.....
 Sandblast                Erth           #.....       99%         1    ##.....
 Shock                    Conj/Air       #...         99%         1    ##.....
 Passwall                 Tmut/Erth      #.......     99%         2    ###....
 Swiftness                Chrm/Air       #.......     99%         2    ###....
 Confuse                  Hex            #.......     100%        3    ####...
 Gell's Gravitas          Tloc           #.........   100%        3    ####...
 Static Discharge         Conj/Air       #.......     100%        3    ####...
 Stone Arrow              Conj/Erth      #.....       100%        3    ####...
 Airstrike                Air            #.........   100%        4    #####..
 Petrify                  Tmut/Erth      #.......     100%        4    #####..
 Bolt of Magma            Conj/Fire/Erth #.........   100%        5    ######.
 Irradiate                Conj/Tmut      #.........   100%        5    ######.
 Iskenderun's Battlesphe  Conj/Chrm      #.......     100%        5    ######.
 Lee's Rapid Deconstruct  Erth           #.........   100%        5    ######.
 Lightning Bolt           Conj/Air       #.........   100%        5    ######.
 Metabolic Englaciation   Hex/Ice        #.........   100%        5    ######.
 Venom Bolt               Conj/Pois      #.........   100%        5    ######.
 Yara's Violent Unravell  Hex/Tmut       #.........   100%        5    ######.
 Hydra Form               Tmut           #.........   100%        6    #######
 Iron Shot                Conj/Erth      #.........   100%        6    #######
 Dragon Form              Tmut           #.........   100%        7    #######
 Orb of Destruction       Conj           #.........   100%        7    #######
 Spellforged Servitor     Conj/Summ      #.........   100%        7    #######
 Statue Form              Tmut/Erth      Unusable     N/A         6    N/A

Dungeon Overview and Level Annotations

Branches:
Dungeon (12/15)            Temple (1/1) D:4            Lair (6/6) D:11
 Shoals (0/4) Lair:2        Snake (0/4) Lair:3        Slime (0/5) Lair:6
    Orc (0/2) D:11

Altars:
Ashenzari
Cheibriados
Dithmenos
Elyvilon
Fedhas
Gozag
Hepliaklqana
Kikubaaqudgha
Makhleb
Nemelex Xobeh
Okawaru
Qazlal
Ru
Sif Muna
Trog
Uskayaw
Vehumet
Wu Jian
Xom
Yredelemnul
Zin
The Shining One
Jiyva

Shops:
D:8 [   D:11 *

Annotations:
D:8 2 runed translucent doors, Kniotic's ghost, novice CeGl
Lair:2 exclusion: 3 oklob plants
Lair:6 1 runed translucent door


Innate Abilities, Weirdness & Mutations

You are resistant to torment.
Your stone body is resilient. (AC +10)
You are immune to poison.
Your large and strong wings let you fly indefinitely.
You resist negative energy. (rN+)
You are resistant to electric shocks. (rElec)
You can survive without breathing.
You are immune to petrification.
You are immune to rotting.


Message History

You bludgeon the enormous slime creature!!
Lightning courses through the enormous slime creature!
The enormous slime creature is moderately wounded.
You block the enormous slime creature's attack.
You thump the enormous slime creature!
Lightning courses through the enormous slime creature!!
The enormous slime creature is heavily wounded.
You thump the enormous slime creature!
The enormous slime creature is heavily wounded.
The enormous slime creature hits you!!
You thump the enormous slime creature!
Lightning courses through the enormous slime creature!
The enormous slime creature is heavily wounded.
The enormous slime creature hits you!!
* * * LOW HITPOINT WARNING * * *
Unknown command.
Okay, then.
You feel yourself speed up. The enormous slime creature hits you!!!
Ouch! That really hurt!
You die...

#.# #.###.#
#.#.##.#####.<#
#.###.....###.#.##.. #..#
............ #.#### #..#
#.###.###.### #.# #..#
#.###.......# #.######
#..# #.........#.#
.......#...# ######.##.#.#
#>#.## #
#...#...#.##########.#.#
.....###........@J.......#
###.#.#.#...##.###########
#. #.........# #
###.......# #...##.##
.....###.# ###### #.# #.#
..#


You could see an enormous slime creature.

Vanquished Creatures
  2 entropy weavers
  Snorg (D:12)
  A fire dragon (Lair:6)
  A shambling mangrove (Lair:2)
  3 hydras
  Harold (D:8)
  6 two-headed ogres
  A queen ant (Lair:3)
  A lindwurm (Lair:6)
  A swamp dragon (Lair:6)
  An ugly thing (D:12)
  5 elephants (Lair:5)
  A cyclops (D:11)
  A centaur zombie (D:12)
  2 black mambas
  6 torpor snails
  A gargoyle (D:11)
  9 spiny frogs
  15 rime drakes
  A kobold demonologist (D:10)
  5 komodo dragons
  4 trolls
  9 hornets
  2 polar bears
  4 tyrant leeches (Lair:6)
  11 blink frogs
  8 hippogriffs
  A snapping turtle (Lair:2)
  A slime creature (D:10)
  4 wyverns
  3 hogs (D:8)
  34 yaks
  A wraith (D:12)
  4 basilisks
  A human (D:8)
  9 steam dragons
  3 vampire mosquitoes (D:12)
  16 water moccasins
  2 acid dragons (Lair:6)
  24 soldier ants
  Duvessa (D:7)
  5 porcupines
  5 sky beasts
  A swamp drake (Lair:6)
  A hornet zombie (D:11)
  11 orc warriors
  6 ice beasts
  3 black bears
  2 phantoms
  2 necrophages (D:9)
  18 wolves
  8 ogres
  7 centaurs
  2 big kobolds
  19 crocodiles
  9 bullfrogs
  Blork the orc (D:10)
  A gnoll sergeant (D:9)
  Dowan (D:7)
  A water moccasin skeleton (D:9)
  7 scorpions
  3 wights (D:6)
  11 killer bees
  2 electric eels (Lair:4)
  4 crimson imps
  2 bullfrog zombies
  A quasit (D:8)
  2 centaur skeletons
  7 hounds
  A bullfrog skeleton (D:12)
  11 orc priests
  A jelly (D:8)
  14 orc wizards
  5 iguanas
  24 worker ants
  5 gnolls (D:9)
  7 adders
  4 shadow imps
  2 oozes
  2 adder skeletons
  3 worms
  A dart slug (D:1)
  6 leopard geckos
  44 orcs
  A bat (D:2)
  2 giant cockroaches
  5 goblins
  8 hobgoblins
  12 jackals
  4 quokkas
  A ball python (D:3)
  2 frilled lizards
  19 kobolds
  A leopard gecko zombie (D:6)
  A quokka zombie (D:7)
  6 rats
541 creatures vanquished.

Vanquished Creatures (others)
  A bush (Lair:3)
  5 fungi
  13 plants
19 creatures vanquished.

Grand Total: 560 creatures vanquished

Notes
Turn   | Place    | Note
-------+----------+-------------------------------------------
     0 | D:1      | Kisielow the Gargoyle Fighter began the quest for the Orb.
     0 | D:1      | Reached XP level 1. HP: 14/14 MP: 1/1
   218 | D:1      | Reached XP level 2. HP: 19/19 MP: 2/2
   611 | D:1      | Reached skill level 3 in Maces & Flails
   860 | D:2      | Reached XP level 3. HP: 23/23 MP: 3/3
  1520 | D:2      | Reached skill level 4 in Maces & Flails
  1539 | D:2      | Reached XP level 4. HP: 25/28 MP: 4/4
  2055 | D:3      | Reached XP level 5. HP: 29/32 MP: 5/5
  2670 | D:4      | Found a shimmering altar of Xom.
  2724 | D:4      | Reached XP level 6. HP: 28/38 MP: 6/6
  2806 | D:4      | Found a staircase to the Ecumenical Temple.
  2815 | Temple   | Entered the Ecumenical Temple
  2825 | Temple   | Became a worshipper of Warmaster Okawaru
  3161 | D:4      | Reached skill level 5 in Maces & Flails
  3717 | D:5      | Entered Level 5 of the Dungeon
  3740 | D:5      | Noticed a hippogriff
  3747 | D:5      | Killed a hippogriff
  3747 | D:5      | Reached * piety under Okawaru
  3747 | D:5      | Reached XP level 7. HP: 42/44 MP: 7/7
  3782 | D:5      | Reached skill level 6 in Maces & Flails
  4072 | D:5      | HP: 1/44 [ogre/+0 giant spiked club (9)]
  4073 | D:5      | Reached ** piety under Okawaru
  4073 | D:5      | Reached skill level 5 in Fighting
  4073 | D:5      | Reached skill level 5 in Armour
  4073 | D:5      | Reached skill level 5 in Shields
  4073 | D:5      | Reached XP level 8. HP: 1/49 MP: 8/8
  4407 | D:5      | Got a smoking mace
  4408 | D:5      | Identified the +8 mace "Roicy" {elec, rN+ Int+4 Dex-2} (You
                  | found it on level 5 of the Dungeon)
  4755 | D:6      | Reached skill level 7 in Maces & Flails
  5078 | D:6      | Reached *** piety under Okawaru
  5359 | D:7      | Noticed Duvessa
  5359 | D:7      | Noticed Dowan
  5496 | D:6      | Reached XP level 9. HP: 31/55 MP: 9/9
  5641 | D:7      | Killed Duvessa
  5641 | D:7      | Reached skill level 8 in Maces & Flails
  5644 | D:7      | Killed Dowan
  6526 | D:8      | Noticed a two-headed ogre
  6526 | D:8      | Noticed a two-headed ogre
  6539 | D:8      | Killed a two-headed ogre
  6539 | D:8      | Reached skill level 9 in Maces & Flails
  6544 | D:8      | Killed a two-headed ogre
  6544 | D:8      | Reached **** piety under Okawaru
  6544 | D:8      | Reached XP level 10. HP: 52/63 MP: 7/10
  6582 | D:8      | Noticed Harold
  6628 | D:8      | Killed Harold
  6628 | D:8      | Reached skill level 10 in Maces & Flails
  6690 | D:8      | Found a large runed translucent door.
  6690 | D:8      | Found a large runed translucent door.
  6692 | D:8      | Noticed Kniotic's ghost (novice CeGl)
  6807 | D:8      | Found Ziof's Armour Shoppe.
  6834 | D:8      | Reached ***** piety under Okawaru
  6993 | D:9      | Reached skill level 1 in Invocations
  7092 | D:9      | Found a shadowy altar of Dithmenos.
  7137 | D:9      | Reached skill level 1 in Evocations
  7381 | D:9      | Noticed a two-headed ogre
  7388 | D:9      | Killed a two-headed ogre
  7388 | D:9      | Received a gift from Okawaru
  7388 | D:9      | Reached XP level 11. HP: 55/68 MP: 12/14
  7393 | D:9      | Got a translucent scimitar {god gift}
  7397 | D:9      | Identified the +10 scimitar of the Thing {drain, +Inv
                  | rElec} (Okawaru gifted it to you on level 9 of the Dungeon)
  7555 | D:9      | Noticed a two-headed ogre
  7574 | D:9      | Killed a two-headed ogre
  7672 | D:9      | Reached skill level 5 in Invocations
  7918 | D:10     | Entered Level 10 of the Dungeon
  7990 | D:10     | Identified a scroll of acquirement
  7993 | D:10     | Got a pair of warped boots
  7999 | D:10     | Identified the +2 pair of boots "Asitsehi" {*Corrode rF+
                  | SInv} (You acquired it on level 10 of the Dungeon)
  8312 | D:10     | Noticed Blork the orc
  8319 | D:10     | Killed Blork the orc
  8323 | D:10     | Found a deep blue altar of Sif Muna.
  8656 | D:10     | Reached skill level 5 in Evocations
  8750 | D:10     | Noticed a two-headed ogre
  8759 | D:10     | Killed a two-headed ogre
  8902 | D:11     | Noticed a cyclops
  9055 | D:11     | Killed a cyclops
  9234 | D:10     | Reached ****** piety under Okawaru
  9346 | D:11     | Received a gift from Okawaru
  9448 | D:10     | Received a gift from Okawaru
  9646 | D:11     | Found a staircase to the Lair.
  9723 | D:11     | Found Zyrum's General Store.
  9811 | D:11     | Reached XP level 12. HP: 67/75 MP: 13/17
  9870 | D:11     | Found a staircase to the Orcish Mines.
 10110 | D:11     | Reached skill level 11 in Maces & Flails
 10442 | Lair:1   | Entered Level 1 of the Lair of Beasts
 11820 | Lair:2   | Noticed a shambling mangrove
 11820 | Lair:2   | an oklob plant changed into a shambling mangrove
 11829 | Lair:2   | Killed a shambling mangrove
 11913 | Lair:2   | Reached skill level 12 in Maces & Flails
 12022 | Lair:2   | Received a gift from Okawaru
 12210 | Lair:1   | Reached XP level 13. HP: 75/82 MP: 18/18
 12315 | Lair:1   | Reached skill level 10 in Fighting
 12319 | Lair:1   | Reached skill level 10 in Shields
 12460 | Lair:1   | Reached skill level 10 in Armour
 13071 | Lair:2   | Found a staircase to the Shoals.
 13429 | Lair:3   | Reached skill level 13 in Maces & Flails
 13777 | Lair:3   | Found a staircase to the Snake Pit.
 14332 | Lair:4   | Noticed an entropy weaver
 14366 | Lair:4   | Received a gift from Okawaru
 14546 | Lair:3   | Killed an entropy weaver
 14809 | Lair:4   | Noticed an entropy weaver
 14824 | Lair:4   | Killed an entropy weaver
 14824 | Lair:4   | Received a gift from Okawaru
 14827 | Lair:4   | Got a bloodstained shield {god gift}
 14851 | Lair:4   | Identified the -8 shield "Hucout" {+Blink MR+ Dex+2}
                  | (Okawaru gifted it to you on level 4 of the Lair of Beasts)
 14975 | Lair:4   | Gained mutation: Your large and strong wings let you fly
                  | indefinitely. [Gargoyle growth]
 14975 | Lair:4   | Reached XP level 14. HP: 90/90 MP: 19/19
 15880 | Lair:5   | Reached skill level 14 in Maces & Flails
 16402 | Lair:6   | Entered Level 6 of the Lair of Beasts
 16884 | Lair:6   | Found a viscous altar of Jiyva.
 16884 | Lair:6   | Found a staircase to the Slime Pits.
 17469 | Lair:6   | Found a runed translucent door.
 17628 | Lair:6   | Received a gift from Okawaru
 18245 | D:12     | Noticed Snorg
 18266 | D:12     | Killed Snorg
 18383 | D:12     | Identified the +8 ice dragon scales of Girur {rElec rF-
                  | rC++ Int-2 Dex+9 Stlth-}
 18383 | D:12     | Identified the cursed +1 leather armour of Good Intentions
                  | {rC+ Str+2 Int-3}
 18623 | D:12     | Annihilated by an enormous slime creature

Skill      XL: |  1  2  3  4  5  6  7  8  9 10 11 12 13 14 |
---------------+-------------------------------------------+-----
Maces & Flails | 3 4 5 6 7 9 10 12 13 14 | 14.8
Fighting       | 4 5 6 7 8 9 11 | 11.9
Armour         | 4 5 6 7 8 9 10 11 | 11.9
Shields        | 4 5 6 7 8 9 11 | 11.9
Invocations    | 4 7 |  7.0
Evocations     | 3 7 |  7.0

Action                   |  1- 3 |  4- 6 |  7- 9 | 10-12 | 13-15 || total
-------------------------+-------+-------+-------+-------+-------++-------
Melee: Flail             |   138 |   271 |    46 |       |       ||   455
       Mace              |       |       |   152 |   730 |  1063 ||  1945
Invok: Heroism           |       |       |     1 |     2 |       ||     3
 Abil: Fly               |       |       |       |       |     1 ||     1
Evoke: Wand              |       |       |       |    13 |     8 ||    21
  Use: Scroll            |       |     9 |     8 |    11 |     8 ||    36
       Potion            |       |       |     1 |     5 |     1 ||     7
  Eat: Chunk             |     2 |     8 |     9 |    19 |    22 ||    60
Armor: Plate armour      |   108 |   177 |   108 |   433 |   623 ||  1449
       Scale mail        |     4 |       |       |       |       ||     4
Dodge: Dodged            |    18 |    30 |    28 |   124 |   198 ||   398
Block: Shield            |    66 |   136 |    86 |   440 |   628 ||  1356
